 Dungeon Crawl Stone Soup version 0.26-a0-812-g31a745ddcd (webtiles) character file.

Game seed: 737190466740625459

28 vurker the Sneak (level 3, -3/25 HPs)
             Began as a Gnoll Enchanter on Dec 6, 2020.
             Slain by a wight
             ... wielding a +0 dagger
              (5 damage)
             ... on level 1 of the Dungeon.
             The game lasted 00:01:03 (1014 turns).

vurker the Sneak (Gnoll Enchanter)                  Turns: 1014, Time: 00:01:03

Health: -3/25      AC:  2    Str: 10    XL:     3   Next: 14%
Magic:  9/9        EV: 14    Int: 18    God:
Gold:   133        SH:  0    Dex: 15    Spells: 11/12 levels left

rFire    . . .     SeeInvis .   a - +1 dagger
rCold    . . .     Faith    .   (no shield)
rNeg     . . .     Spirit   .   b - +0 robe
rPois    .         Reflect  .   (no helmet)
rElec    .         Harm     .   (no cloak)
rCorr    .         Rampage  .   (no gloves)
MR       .....                  (no boots)
Stlth    +++.......             (no amulet)
HPRegen  0.08/turn              (no ring)
MPRegen  0.11/turn              (no ring)

@: drained
A: distributed training, fangs 1, strong nose
a: no special abilities


You were on level 1 of the Dungeon.
You visited 1 branch of the dungeon, and saw 2 of its levels.

You collected 133 gold pieces.

Inventory:

Hand Weapons
 a - a +1 dagger (weapon)
Armour
 b - a +0 robe (worn)
Scrolls
 d - a scroll of blinking {unknown}
 e - a scroll of magic mapping {unknown}
 f - a scroll of teleportation {unknown}
 j - a scroll of identify {unknown}
 k - a scroll of fear {unknown}
Potions
 c - 2 potions of attraction {unknown}
 g - a potion of berserk rage {unknown}
 h - a potion of cancellation {unknown}
 i - 2 potions of heal wounds {unknown}


   Skills:
 + Level 0.6(0.0) Fighting
 + Level 2.5(1.7) Short Blades
 + Level 0.6(0.0) Long Blades
 + Level 0.6(0.0) Axes
 + Level 0.6(0.0) Maces & Flails
 + Level 0.6(0.0) Polearms
 + Level 0.6(0.0) Staves
 + Level 0.6(0.0) Slings
 + Level 0.6(0.0) Bows
 + Level 0.6(0.0) Crossbows
 + Level 0.6(0.0) Throwing
 + Level 0.6(0.0) Armour
 + Level 4.5(3.6) Dodging
 + Level 5.9(5.0) Stealth
 + Level 0.6(0.0) Shields
 + Level 0.6(0.0) Unarmed Combat
 + Level 5.0(4.1) Spellcasting
 + Level 0.4(0.0) Conjurations
 + Level 5.4(4.5) Hexes
 + Level 0.4(0.0) Summonings
 + Level 0.4(0.0) Necromancy
 + Level 0.4(0.0) Translocations
 + Level 0.4(0.0) Transmutations
 + Level 0.4(0.0) Fire Magic
 + Level 0.4(0.0) Ice Magic
 + Level 0.4(0.0) Air Magic
 + Level 0.4(0.0) Earth Magic
 + Level 0.4(0.0) Poison Magic
 + Level 0.8(0.0) Invocations
 + Level 0.6(0.0) Evocations


You had 11 spell levels left.
You knew the following spells:

 Your Spells              Type           Power        Failure   Level
a - Corona                Hex            ###....      2%          1

Your spell library contained the following spells:

 Spells                   Type           Power        Failure   Level
 Confusing Touch          Hex            ###.....     7%          3
 Tukima's Dance           Hex            ###.....     7%          3
 Ensorcelled Hibernation  Hex/Ice        ##....       9%          2
 Dazzling Flash           Conj/Hex       ##....       17%         3


Dungeon Overview and Level Annotations

Branches:
Dungeon (2/15)

Altars:

Annotations:
D:2 Jessica


Innate Abilities, Weirdness & Mutations

Your experience applies equally to all skills.
You have very sharp teeth.
Your uncanny sense of smell can sniff out nearby items.


Message History

No target in view!
No target in view!
No target in view!
No target in view!
No target in view!
No target in view!
No target in view!
A giant cockroach comes into view.
A giant cockroach is nearby!
Found a stone staircase leading down.
You closely miss the giant cockroach. The giant cockroach barely misses you.
You hit the giant cockroach. The giant cockroach closely misses you.
You hit the giant cockroach but do no damage.
The giant cockroach misses you.
You barely miss the giant cockroach. The giant cockroach barely misses you.
You hit the giant cockroach. The giant cockroach bites you.
You closely miss the giant cockroach. The giant cockroach closely misses you.
A wight comes into view. It is wielding a +1 great sword.
You hit the giant cockroach.
You kill the giant cockroach!
A wight comes into view. It is wielding a +3 flail.
You see here a giant cockroach corpse.
A wight comes into view. It is wielding a +0 dagger.
The wight hits you with a cursed +1 great sword.
You feel drained.
You closely miss the wight. You barely miss the wight.
The wight completely misses you.
You barely miss the wight. The wight misses you.
You hit the wight.
There are monsters nearby!
Unknown command.
The wight closely misses you.
You see here a giant cockroach corpse.
The wight closely misses you. The wight hits you with a +0 dagger.
There is a stone staircase leading up here.
The wight hits you with a +0 dagger.
You climb upwards.
There is a stone staircase leading down here.
You hit the wight but do no damage. The wight hits you with a +0 dagger.
* * * LOW HITPOINT WARNING * * *
You feel drained.
* * * LOW HITPOINT WARNING * * *
You hit the wight. Your bite misses the wight.
The wight hits you with a +0 dagger.
* * * LOW HITPOINT WARNING * * *
You feel drained.
* * * LOW HITPOINT WARNING * * *
You closely miss the wight. The wight hits you with a +0 dagger.
You die...

#.#################.##...# #..#
#.# ##.##....# #..# #.#
##.##.....# #..# #.#
##.##.....######.## #.####
##.##.....##......#
#....#########.##.....##...##.##
......).......##.....##.#..##.#
#.##.##########.....##.###.##.#
#.##............@..##.## #.##.#
#.#...........<.z.##.## #.##.#
.###............8..##.## #.##.#
####..#########.....##.###.##.#
..............##.....##.#.[.#.#
###..#########.##.....##..#.#.#
# .##..#### ###.##.....####.#.#
# .##.....# #.##.##.....#.....#
# .....##.# #..##.##......#.###
#


You could see a wight.

Vanquished Creatures
  An ooze (D:1)
  2 dart slugs
  2 giant cockroaches (D:2)
  2 goblins (D:1)
  A hobgoblin (D:1)
  2 kobolds (D:1)
  4 bats (D:1)
  A frilled lizard (D:2)
  6 rats
21 creatures vanquished.

Notes
Turn   | Place    | Note
-------+----------+-------------------------------------------
     0 | D:1      | vurker the Gnoll Enchanter began the quest for the Orb.
     0 | D:1      | Reached XP level 1. HP: 13/13 MP: 6/6
    22 | D:1      | Reached XP level 2. HP: 5/19 MP: 7/7
   882 | D:2      | Reached XP level 3. HP: 25/25 MP: 9/9
   903 | D:2      | Reached skill level 5 in Spellcasting
   964 | D:2      | Noticed Jessica
  1014 | D:1      | Slain by a wight

Illustrated notes

Levels and vault maps discovered:
D:1:      psy_arrival_spokes, layout_loops_ring
D:2:      layout_rooms, uniq_jessica

Skill      XL: |  1  2  3 |
---------------+----------+-----
Spellcasting   | 5 |  5.0
Fighting       | |  0.6
Short Blades   | |  2.5
Long Blades    | |  0.6
Axes           | |  0.6
Maces & Flails | |  0.6
Polearms       | |  0.6
Staves         | |  0.6
Slings         | |  0.6
Bows           | |  0.6
Crossbows      | |  0.6
Throwing       | |  0.6
Armour         | |  0.6
Dodging        | |  4.5
Stealth        | |  5.9
Shields        | |  0.6
Unarmed Combat | |  0.6
Conjurations   | |  0.4
Hexes          | |  5.4
Summonings     | |  0.4
Necromancy     | |  0.4
Translocations | |  0.4
Transmutations | |  0.4
Fire Magic     | |  0.4
Ice Magic      | |  0.4
Air Magic      | |  0.4
Earth Magic    | |  0.4
Poison Magic   | |  0.4
Invocations    | |  0.8
Evocations     | |  0.6

Action                   || total
-------------------------++-------
Melee: Dagger            ||    64
       Bite              ||     7
 Stab: Sleeping          ||    13
Armor: Robe              ||     5
Dodge: Dodged            ||    30

Table legend: (Time is in decaauts)
 A = Elapsed time spent in this place.
 B = Non-inter-level travel time spent in this place.
 C = Inter-level travel time spent in this place.
 D = Time resting spent in this place.
 E = Time spent auto-exploring this place.
 F = Levels seen in this place.
 G = Mean time per level.
                   A        B        C        D        E       F      G
               +--------+--------+--------+--------+--------+-----+--------+
         Total |   1006 |    965 |     41 |      0 |    776 |   2 |  503.0 |
       Dungeon |   1006 |    965 |     41 |      0 |    776 |   2 |  503.0 |
               +--------+--------+--------+--------+--------+-----+--------+

Top non-repeatable levels by time:
     D:1: 874 daAuts
     D:2: 131 daAuts
